[Event "Live Chess"]
[Site "Chess.com"]
[Date "2023.05.20"]
[Round "-"]
[White "ameetghasi100"]
[Black "mattihelenius2"]
[Result "1-0"]
[WhiteElo "2704"]
[BlackElo "490"]
[TimeControl "300"]
[EndTime "11:48:07 PDT"]
[Termination "ameetghasi100 won by resignation"]

1. d4 d5 2. e4 Nf6 3. e5 Ne4 4. Nf3 Bg4 5. Be2 Nc6 6. c3 Qd7 7. Na3 g6 8. Nc2 Bg7 9. Ne3 Bxf3 10. gxf3 Ng5 11. f4 Ne4 12. f3 O-O 13. fxe4 dxe4 14.
h4 Qf5 15. Nxf5 1-0

[Event "Live Chess"]
[Site "Chess.com"]
[Date "2023.05.20"]
[Round "-"]
[White "lucaskk818"]
[Black "ossie57"]
[Result "0-1"]
[WhiteElo "1886"]
[BlackElo "1888"]
[TimeControl "300"]
[EndTime "11:48:09 PDT"]
[Termination "ossie57 won on time"]

1. d4 Nf6 2. c4 g6 3. Nc3 Bg7 4. e4 d6 5. h3 O-O 6. Bg5 Nc6 7. Nf3 Re8 8. Be2 e5 9. d5 Ne7 10. O-O h6 11. Be3 Kh7 12. Qd2 Nfg8 13. b4 b6 14. c5 f5 15. cxd6 cxd6 16. Qb2 f4 17. Bd2 g5 18.
Rfc1 Ng6 19. Nb5 Re7 20. Qc2 Ba6 21. Kf1 Bxb5 22. Bxb5 Rf7 23. Bc6 Rc8 24. Nh2 h5 25. f3 Nh6 26. Be1 Rfc7 27. b5 Ne7 28. Ke2 Qf8 29. Qa4 Qf6 30. Rc2 Qg6 31. Kd1 g4 32. hxg4 hxg4 33. Kc1 Qg5 34. Kb2 Ng6 35. Bd2 Nh4 36. g3 Nxf3 37. Nxf3 gxf3 38. gxf4 exf4+ 39.
Bc3 Bxc3+ 40. Kxc3 Qe5+ 41. Kb3 Qxa1 42. e5 Qb1+ 43.
Rb2 Qd1+ 44. Rc2 f2 45. Qe4+ Kh8 46. e6 f1=Q 0-1

[Event "Live Chess"]
[Site "Chess.com"]
[Date "2023.05.20"]
[Round "-"]
[White "Enhard"]
[Black "TheSmoulderingMaster"]
[Result "1/2-1/2"]
[WhiteElo "1453"]
[BlackElo "1742"]
[TimeControl "300"]
[EndTime "11:48:09 PDT"]
[Termination "Game drawn by repetition"]

1. e4 c5 2. Nc3 Nc6 3. g3 e6 4. Bg2 g6 5. f3 Bg7 6. d3 Nge7 7. Nge2 O-O 8. O-O d5 9. Nf4 Nd4 10. Be3 Qb6 11. Rb1 Qa5 12. a3 Bd7 13.
Nfe2 Nxe2+ 14. Nxe2 d4 15. Bd2 Qa4 16. c4 Qc6 17.
Qc1 a6 18. Bh6 b5 19. Bxg7 Kxg7 20. b3 Rfb8 21. Qd2 a5 22. f4 Rb7 23. e5 Nf5 24. Bxc6 Bxc6 25. cxb5 Bxb5 26. b4 axb4 27.
axb4 Ra3 28. bxc5 Rxd3 29. Qc2 Ne3 30. Rxb5 Nxc2 31. Rxb7 Rd2 32. Nxd4 Nxd4 33. Rc7 Ne2+ 34. Kh1 Nd4 35. Rd7 Kf8 36. Rxd4 Rxd4 37. Rc1 Ke8 38.
c6 Kd8 39. c7+ Kc8 40. Kg2 Rd2+ 41. Kh3 h6 42. Rc3 Rb2 43. Rc1 Rd2 44. Rc3 Rb2 45. Rc1 Rd2 1/2-1/2

[Event "Live Chess"]
[Site "Chess.com"]
[Date "2023.05.20"]
[Round "-"]
[White "ProfPoisson"]
[Black "profpirate4"]
[Result "0-1"]
[WhiteElo "1058"]
[BlackElo "1075"]
[TimeControl "300"]
[EndTime "11:48:10 PDT"]
[Termination "profpirate4 won by checkmate"]

1. e4 c5 2. Nf3 d6 3. Bb5+ Bd7 4. Bxd7+ Qxd7 5. c4 Nf6 6. Nc3 e5 7. O-O Be7 8. Nd5 O-O 9. Nxf6+ Bxf6 10. b3 b5 11. Bb2 bxc4 12. bxc4 Nc6 13. h4 Rab8 14. Qc1 Qe7 15.
d3 Bxh4 16. Nxh4 Qxh4 17. Qe3 Rxb2 18. Rab1 Rxa2 19. Rb7 h6 20. f4 Rb8 21. Rc7 Nd4 22. fxe5 Qg4 23. Rfxf7 Qxg2# 0-1

[Event "Live Chess"]
[Site "Chess.com"]
[Date "2023.05.20"]
[Round "-"]
[White "AbilifyXL"]
[Black "Tilbs_12"]
[Result "1-0"]
[WhiteElo "1944"]
[BlackElo "1564"]
[TimeControl "300"]
[EndTime "11:48:13 PDT"]
[Termination "AbilifyXL won by resignation"]

1. d4 d5 2. c4 c6 3. Nc3 Nf6 4.
cxd5 cxd5 5. Nf3 Nc6 6. Bg5 Bf5 7. Bxf6 exf6 8. Qb3 Be6 9. Qxb7 Nb4 10. Rc1 Rb8 11.
Qxa7 Nc6 12. Qa4 Bd7 13. Qc2 Nb4 14. Qb1 Be7 15. a3 Na6 16. e3 Nc7 17. Bd3 O-O 18. Bxh7+ Kh8 19. Bd3 Bg4 20. Be2 Bd6 21. O-O g6 22. h3 Bf5 23. Bd3 Bxh3 24. gxh3 f5 25.
Rfe1 Ne6 26. Bf1 Ng5 27. Bg2 Kg7 28. Nxd5 Bh2+ 29. Nxh2 Nxh3+ 30. Bxh3 Qxd5 31. Bg2 Rh8 32. Bxd5 1-0

[Event "Live Chess"]
[Site "Chess.com"]
[Date "2023.05.20"]
[Round "-"]
[White "Vladyslav2008"]
[Black "LiamClery2020"]
[Result "1-0"]
[WhiteElo "2170"]
[BlackElo "2079"]
[TimeControl "300"]
[EndTime "11:48:15 PDT"]
[Termination "Vladyslav2008 won by resignation"]

1. d4 Nf6 2. c4 g6 3. Nc3 d5 4.
Nf3 Bg7 5. cxd5 Nxd5 6. e4 Nxc3 7. bxc3 c5 8. Be3 Bg4 9. Qd2 Nc6 10. d5 Bxf3 11. gxf3 Ne5 12. Be2 O-O 13. Rb1 b6 14.
f4 Nd7 15. e5 f5 16. h4 Rc8 17. h5 c4 18. hxg6 hxg6 19. d6 exd6 20. Qxd6 Rf7 21. e6 1-0

[Event "Live Chess"]
[Site "Chess.com"]
[Date "2023.05.20"]
[Round "-"]
[White "alanmike75"]
[Black "zdanevych"]
[Result "0-1"]
[WhiteElo "1508"]
[BlackElo "1534"]
[TimeControl "300"]
[EndTime "11:48:16 PDT"]
[Termination "zdanevych won on time"]

1. e4 c5 2. Nf3 e6 3. d4 d5 4. exd5 exd5 5. dxc5 Bxc5 6. Bb5+ Nc6 7. Qe2+ Be6 8. O-O a6 9. Bxc6+ bxc6 10. c3 h6 11. Nd4 Qd6 12. Re1 Bxd4 13. cxd4 Nf6 14. Nc3 O-O 15. g3 Bg4 16. Qe5 Qb4 17. a3 Qb7 18.
Qf4 Be6 19. Rb1 Rab8 20. Be3 Rfe8 21. b4 Qd7 22. Na4 Ne4 23. Nc5 Nxc5 24. bxc5 Rxb1 25. Rxb1 Bf5 26. Rb8 Rxb8 27. Qxb8+ Kh7 28. Qd6 Qb7 29. Qf4 Bh3 30. Bc1 Qd7 31. Qe3 Bf5 32. f4 Be4 33. Qf2 f5 34. Qd2 Qb7 35. Kf2 Qb3 36. Qe3 Qc2+ 37. Qd2 Qc4 38. Qe3 Qb5 39. Qd2 Qb7 40.
Qe3 Qf7 41. Qd2 Qh5 42. Kg1 Qf3 0-1

[Event "Live Chess"]
[Site "Chess.com"]
[Date "2023.05.20"]
[Round "-"]
[White "LodeshChess"]
[Black "BigDom87"]
[Result "1-0"]
[WhiteElo "985"]
[BlackElo "1028"]
[TimeControl "300"]
[EndTime "11:48:23 PDT"]
[Termination "LodeshChess won on time"]

1. e4 c5 2. Nf3 d6 3. d4 cxd4 4. Qxd4 Nc6 5. Qe3 e6 6. Be2 Nf6 7. O-O Be7 8. Rd1 Qc7 9. c4 O-O 10. Nc3 a6 11. b3 b6 12. Ba3 Rd8 13. Rac1 Bb7 14. Nd5 exd5 15. cxd5 Qd7 16. dxc6 Bxc6 17. e5 Nd5 18. Qd4 Bb7 19. Bc4 dxe5 20. Nxe5 Qe6 21. Bxe7 Qxe7 22. Nf3 b5 23. Bxd5 Rxd5 24. Qg4 Rxd1+ 25. Rxd1 Rd8 26. Rxd8+ Qxd8 27. h3 Qd1+ 28. Kh2 h6 29. Qf5 Bxf3 30. gxf3 Qd6+ 31. Kg2 Qg6+ 32. Qxg6 fxg6 33. Kg3 Kf7 34. Kf4 Kf6 35. h4 a5 36. Ke4 a4 37. b4 g5 38. hxg5+ hxg5 39. Kd5 Kf5 40. Kc6 Kf4 41. Kxb5 Kxf3 42. Kc6 Kxf2 43.
b5 1-0

[Event "Live Chess"]
[Site "Chess.com"]
[Date "2023.05.20"]
[Round "-"]
[White "KuriyamaMiraiUA"]
[Black "TDCMF"]
[Result "1-0"]
[WhiteElo "689"]
[BlackElo "360"]
[TimeControl "300"]
[EndTime "11:48:29 PDT"]
[Termination "KuriyamaMiraiUA won by checkmate"]

1. d4 d5 2. c4 e5 3. dxe5 d4 4. Nf3 Nc6 5. Bf4 Bf5 6. Na3 Bxa3 7. bxa3 Qd5 8. e3 Nxe5 9. cxd5 Nxf3+ 10. gxf3 O-O-O 11. Qxd4 Nf6 12. Rc1 Rxd5 13. Qxa7 Rhd8 14. Be2 Bh3 15.
Qa8+ Kd7 16. Qxb7 Rf5 17. Qxc7+ Ke8 18. Qc6+ Rd7 19. Bb5 Bg2 20. Rg1 Rxb5 21. Qxb5 Bxf3 22. Rc8+ Ke7 23. Qe5# 1-0

[Event "Live Chess"]
[Site "Chess.com"]
[Date "2023.05.20"]
[Round "-"]
[White "WelshTiger"]
[Black "BillythekidFellowes"]
[Result "0-1"]
[WhiteElo "2415"]
[BlackElo "2030"]
[TimeControl "300"]
[EndTime "11:48:36 PDT"]
[Termination "BillythekidFellowes won by checkmate"]

1. e4 Nc6 2. Nf3 d6 3. h3 Nf6 4. Nc3 g6 5. d4 Bg7 6. Be2 O-O 7. O-O e5 8. dxe5 dxe5 9. Bg5 Qxd1 10. Raxd1 Be6 11.
Nd5 Bxd5 12. exd5 Nb4 13. c4 Rfe8 14. a3 Na6 15. b4 Ne4 16. Bd2 Nxd2 17. Rxd2 Rad8 18.
c5 Nb8 19. Rfd1 e4 20. Ne1 e3 21. fxe3 Rxe3 22. Nc2 Re5 23. Bc4 Bh6 24. Rf2 Re4 25. Bb3 Bf4 26. Rdf1 g5 27. g3 Bxg3 28. Rxf7 Bf4 29.
Rf5 Kg7 30. d6 cxd6 31. Rd5 Nc6 32. Rfd1 Re2 33. cxd6 Ne5 34. Nd4 Rb2 35. Rf1 Be3+ 36. Kh1 Bxd4 37. Bd1 Rd2 38. Bg4 Nxg4 39. hxg4 Rd7 40.
Rxg5+ Kh6 41. Rd5 Kg6 42. Rf8 Bg7 43. Rb8 Rxd5 44. Rc8 R7xd6 45. Kg2 Rd2+ 46. Kf3 R6d3+ 47. Ke4 Rd4+ 48. Ke3 Bh6+ 49. Kf3 R2d3+ 50. Ke2 Re3+ 51.
Kf2 Rd2+ 52. Kf1 Rxa3 53. Rc1 Raa2 54. Kg1 Rg2+ 55. Kf1 Bxc1 56. Ke1 Be3 57. Kd1 Ra1# 0-1

[Event "Live Chess"]
[Site "Chess.com"]
[Date "2023.05.20"]
[Round "-"]
[White "Bob2pen"]
[Black "hturner40"]
[Result "1-0"]
[WhiteElo "1838"]
[BlackElo "1799"]
[TimeControl "300"]
[EndTime "11:48:40 PDT"]
[Termination "Bob2pen won on time"]

1. c4 Nc6 2. g3 e5 3. Bg2 f5 4. Nc3 Nf6 5. d3 Bb4 6. Nf3 e4 7. dxe4 Nxe4 8. Bd2 Bxc3 9. Bxc3 O-O 10. O-O d6 11. Bd4 Be6 12. b3 d5 13. cxd5 Qxd5 14. Bb2 Rad8 15. Qxd5 Rxd5 16. Rfd1 Rfd8 17. Rxd5 Rxd5 18.
e3 Rc5 19. Rc1 Rxc1+ 20. Bxc1 Nc3 21. Bd2 Nxa2 22. Nd4 Nxd4 23. exd4 c6 24. b4 Kf7 25.
Kf1 Bb3 26. Ke2 Ke6 27. Ke3 Bd5 28. Bf1 b6 29. Bd3 a5 30. bxa5 bxa5 31. Bxa5 Nc1 32. Bc7 Nxd3 33. Kxd3 g6 34. Be5 Kd7 35. Bg7 Kd6 36. Ke3 c5 37. dxc5+ Kxc5 38. Kf4 Bg8 39. Ke5 Kc4 40. Bh6 Kd3 41. Be3 Ke2 42. Kf6 1-0

[Event "Live Chess"]
[Site "Chess.com"]
[Date "2023.05.20"]
[Round "-"]
[White "ACx04"]
[Black "LaupMiths"]
[Result "0-1"]
[WhiteElo "417"]
[BlackElo "1821"]
[TimeControl "300"]
[EndTime "11:48:56 PDT"]
[Termination "LaupMiths won by checkmate"]

1. e4 c5 2. c4 e5 3. Bd3 Nc6 4. b3 g6 5. Bb2 Bg7 6. Nc3 d6 7. Nd5 Nge7 8. Nxe7 Qxe7 9. Nf3 Be6 10.
O-O O-O 11. Qe2 h6 12. h3 Rae8 13. g4 f5 14. gxf5 gxf5 15. exf5 Bxf5 16. Bxf5 Rxf5 17.
Qe4 Rf4 18. Qd3 Kh8 19. a4 Ref8 20.
Kg2 Rg8 21. Nh2 Bf6+ 22. Kh1 Bh4 23. f3 Rg3 24. Qe2 Rxh3 25. Qg2 Rg3 26. Qf2 Qe6 27. Rg1 Qh3 28. Qxg3 Bxg3 29. Rxg3 Qxg3 30. Rg1 Qh3 31. d3 Rxf3 32. Bc1 Rxd3 33. a5 Nd4 34. Re1 Nf3 35.
Rf1 Qxh2# 0-1

[Event "Live Chess"]
[Site "Chess.com"]
[Date "2023.05.20"]
[Round "-"]
[White "Driftboard"]
[Black "ramses-IIG"]
[Result "1-0"]
[WhiteElo "720"]
[BlackElo "787"]
[TimeControl "300"]
[EndTime "11:48:56 PDT"]
[Termination "Driftboard won by checkmate"]

1. e4 d5 2. exd5 Qxd5 3. Nc3 Qe6+ 4. Qe2 Qg6 5. Nf3 Qxc2 6. Qd3 Qxd3 7. Bxd3 c6 8. O-O Bg4 9. Be2 f6 10. h3 Bxf3 11.
Bxf3 e5 12. Rd1 Bb4 13. d4 exd4 14. Rxd4 Bxc3 15. bxc3 Ne7 16. Ba3 b6 17. Re1 a5 18.
Rxe7+ Kf8 19. Rd8# 1-0

[Event "Live Chess"]
[Site "Chess.com"]
[Date "2023.05.20"]
[Round "-"]
[White "SavagePawn7"]
[Black "mattlirious"]
[Result "1-0"]
[WhiteElo "780"]
[BlackElo "1310"]
[TimeControl "300"]
[EndTime "11:48:58 PDT"]
[Termination "SavagePawn7 won by checkmate"]

1. e4 c6 2. d4 d5 3. Nc3 dxe4 4. Bc4 f5 5. f3 e6 6. fxe4 fxe4 7. Nxe4 Nf6 8.
Nxf6+ Qxf6 9. Qf3 Be7 10. Qxf6 Bxf6 11. c3 O-O 12. Be3 Re8 13. O-O-O Kh8 14. Nf3 e5 15. dxe5 Bxe5 16. Nxe5 Rxe5 17. Rd8+ Re8 18. Rxe8# 1-0

[Event "Live Chess"]
[Site "Chess.com"]
[Date "2023.05.20"]
[Round "-"]
[White "OSmith06"]
[Black "bedsdrout"]
[Result "1-0"]
[WhiteElo "1708"]
[BlackElo "377"]
[TimeControl "300"]
[EndTime "11:48:59 PDT"]
[Termination "OSmith06 won by checkmate"]

1. e4 e5 2. Nf3 Bc5 3. d4 Bb6 4. Nxe5 Qh4 5. Nc3 Nc6 6. Nf3 Qf6 7. Bg5 Qg6 8. d5 Na5 9. Bd3 d6 10. e5 dxe5 11. Bxg6 Bg4 12. Be4 f6 13. h3 O-O-O 14.
hxg4 fxg5 15. Bf5+ Kb8 16. Nxg5 Ne7 17. Nf7 Nxd5 18.
Nxd5 c6 19. Nxd8 cxd5 20. Qxd5 Rxd8 21. Qxe5+ Bc7 22. Qxg7 a6 23. Rxh7 Ka7 24. Qxc7 Rd4 25. Qc5+ Kb8 26. Rh8+ Rd8 27. Rxd8# 1-0

[Event "Live Chess"]
[Site "Chess.com"]
[Date "2023.05.20"]
[Round "-"]
[White "Delacorta"]
[Black "flyingpuffins"]
[Result "0-1"]
[WhiteElo "1389"]
[BlackElo "1964"]
[TimeControl "300"]
[EndTime "11:49:00 PDT"]
[Termination "flyingpuffins won by resignation"]

1. d4 d5 2. Nf3 Nf6 3. e3 e6 4. Bd3 Bd6 5. b3 b6 6. Bb2 Bb7 7. Nbd2 Nbd7 8. Ne5 c5 9. O-O Rc8 10. f4 cxd4 11. exd4 Ne4 12. Ndf3 f6 13. Nxd7 Qxd7 14. Nh4 f5 15. Qh5+ Qf7 16. Qxf7+ Kxf7 17. Nf3 Bxf4 18. Ne5+ Bxe5 19. dxe5 g6 20. Ba3 Nc5 21. Rac1 Nxd3 22. cxd3 Rxc1 23. Rxc1 Rc8 24. Rxc8 Bxc8 25. d4 g5 26. Kf2 Kg6 27. h3 Kh5 28. Be7 g4 29.
hxg4+ Kxg4 30. g3 h5 31. b4 f4 32. gxf4 Kxf4 33. b5 Ke4 34. Bd6 Kxd4 35. Bb8 a6 36. Ba7 axb5 37. Bxb6+ Kxe5 0-1

[Event "Live Chess"]
[Site "Chess.com"]
[Date "2023.05.20"]
[Round "-"]
[White "PantherCal"]
[Black "Pandreq"]
[Result "1/2-1/2"]
[WhiteElo "1775"]
[BlackElo "1284"]
[TimeControl "300"]
[EndTime "11:49:01 PDT"]
[Termination "Game drawn by stalemate"]

1. e4 Nf6 2. e5 Nd5 3. c4 Nb6 4. d4 d6 5. exd6 cxd6 6. Nf3 Nc6 7. Nc3 Bf5 8. Be3 e5 9. d5 Nb4 10. Rc1 Na6 11. a3 Be7 12. Bd3 Bxd3 13. Qxd3 Rc8 14.
O-O Nxc4 15. Bxa7 Nxb2 16. Qb5+ Qd7 17. Qxb2 O-O 18. Be3 Nc5 19. Bxc5 Rxc5 20. Rfd1 Rfc8 21. Ne4 Rc4 22. Ned2 R4c7 23. Nb3 Bf6 24. Qd2 e4 25. Nfd4 Rc4 26. Rxc4 Rxc4 27. Qa5 Bxd4 28. Nxd4 Ra4 29. Qc3 g6 30. Re1 Qg4 31. h3 Qf4 32. Qc8+ Kg7 33. Ne2 Qd2 34. Qc3+ Qxc3 35. Nxc3 Rxa3 36. Nxe4 Rd3 37.
Nxd6 Rxd5 38. Nxb7 Rb5 39. Nd6 Rb6 40. Ne4 Re6 41.
Kf1 f5 42. Ng5 Rxe1+ 43. Kxe1 Kf6 44. Nxh7+ Kg7 45. Ng5 Kf6 46. Nf3 g5 47. Ke2 g4 48.
hxg4 fxg4 49. Ng1 Kf5 50. Ke3 Kg5 51. Ke4 Kh4 52. Kf4 Kh5 53. Ne2 Kh4 54. Ng3 1/2-1/2

[Event "Live Chess"]
[Site "Chess.com"]
[Date "2023.05.20"]
[Round "-"]
[White "Ayush_prahlad_Gupta"]
[Black "Ninifu"]
[Result "0-1"]
[WhiteElo "1791"]
[BlackElo "1989"]
[TimeControl "300"]
[EndTime "11:49:01 PDT"]
[Termination "Ninifu won by resignation"]

1. e4 d5 2. Nc3 Nf6 3. Nb1 Nxe4 4. d3 Nf6 5. Nf3 c5 6. Bd2 Nc6 7. Be2 e6 8. O-O Bd6 9. c4 O-O 10. cxd5 Nxd5 11. Nc3 Nf4 12. Qc1 Nxe2+ 13. Nxe2 Be7 14. Qc2 b6 15. Ng3 Bb7 16. Qc3 Bf6 17. Qc2 Nd4 18. Nxd4 Bxd4 19. Bc3 Qd5 20. Ne4 f5 21. Bxd4 cxd4 22.
f3 Rac8 23. Qe2 fxe4 24. fxe4 Qg5 25. Rf3 Rxf3 26. Qxf3 Qe3+ 27. Qxe3 dxe3 28. Re1 Rc2 29. Rxe3 Rxb2 30. d4 Rxa2 31. Rd3 Bxe4 0-1

[Event "Live Chess"]
[Site "Chess.com"]
[Date "2023.05.20"]
[Round "-"]
[White "JoshMcK"]
[Black "Tushinskiy"]
[Result "0-1"]
[WhiteElo "1537"]
[BlackElo "2116"]
[TimeControl "300"]
[EndTime "11:49:03 PDT"]
[Termination "Tushinskiy won by resignation"]

1. e4 e5 2. Nf3 d6 3. d4 Bg4 4. dxe5 Nd7 5. exd6 Bxd6 6. Be2 Qe7 7. O-O Ngf6 8. Re1 O-O-O 9. Nc3 h5 10. Bg5 Bxf3 11.
Bxf3 Qe5 12. Bxf6 Qxh2+ 13. Kf1 Nxf6 14. g3 Bxg3 15. Qe2 Bf4 16. Bg2 h4 17. Qf3 h3 18.
Bh1 c6 19. Ne2 Bc7 20. Ng3 Bxg3 21. Qxg3 Qxg3 22. fxg3 Rd2 23. Re2 Rxe2 24. Kxe2 Kd7 25. Rd1+ Ke6 26. Kf3 g5 27. g4 Nd7 28. Kg3 Ne5 29.
Rd2 Rh4 30. Bf3 h2 31. Bh1 Nxg4 32. Re2 Ne5 33. Rxh2 Rxh2 34. Kxh2 Nc4 35. b3 Ne3 36. c4 Ke5 37. Kg3 f6 38. a4 Kd4 39. Kf3 a5 40. Ke2 c5 41. Kd2 b6 42. Bf3 g4 43.
Bh1 g3 44. Bf3 g2 0-1

[Event "Live Chess"]
[Site "Chess.com"]
[Date "2023.05.20"]
[Round "-"]
[White "VovaOvchar1990"]
[Black "bigedd"]
[Result "1-0"]
[WhiteElo "1214"]
[BlackElo "553"]
[TimeControl "300"]
[EndTime "11:49:04 PDT"]
[Termination "VovaOvchar1990 won by resignation"]

1. e4 c5 2. Bc4 e6 3. d4 Nc6 4. dxc5 Bxc5 5. Nf3 d5 6. exd5 exd5 7. Bb3 Qe7+ 8. Qe2 Qxe2+ 9. Kxe2 Nf6 10. Re1 O-O 11.
Kf1 Bg4 12. Be3 Bxe3 13. Rxe3 Bxf3 14. Rxf3 Rfe8 15. Nc3 Rac8 16. Nxd5 Nxd5 17. Bxd5 Nd4 18. Rxf7 Kh8 19. c3 Nc6 20. Rxb7 Red8 21. Bxc6 Rxc6 22.
Rxa7 Rb8 23. a4 h6 24. Rb1 Rxc3 25. bxc3 Rxb1+ 26. Ke2 Rb2+ 27. Kf3 Rc2 28. a5 Rxc3+ 29. Ke2 Kg8 30. a6 Kf8 31. Ra8+ Ke7 32. a7 Kd7 33.
Rd8+ Kxd8 34. a8=Q+ Kd7 35. Qd5+ Ke7 36. Qe5+ 1-0

[Event "Live Chess"]
[Site "Chess.com"]
[Date "2023.05.20"]
[Round "-"]
[White "HoarseyHorsey"]
[Black "apl_trainer"]
[Result "1-0"]
[WhiteElo "1369"]
[BlackElo "1597"]
[TimeControl "300"]
[EndTime "11:49:05 PDT"]
[Termination "HoarseyHorsey won by resignation"]

1. d4 Nf6 2. c4 c5 3. d5 b5 4.
cxb5 a6 5. e3 axb5 6. Bxb5 Bb7 7. Nc3 Qa5 8. Bd2 g6 9. a4 Bg7 10. e4 O-O 11. Nf3 d6 12. O-O Na6 13. Qe2 Nc7 14. Bc4 Nd7 15. Nb5 Qb6 16. a5 1-0

[Event "Live Chess"]
[Site "Chess.com"]
[Date "2023.05.20"]
[Round "-"]
[White "EdenHazard8"]
[Black "Greenbecker"]
[Result "1-0"]
[WhiteElo "2092"]
[BlackElo "1656"]
[TimeControl "300"]
[EndTime "11:49:07 PDT"]
[Termination "EdenHazard8 won by resignation"]

1. e4 e6 2. d4 d5 3. exd5 exd5 4. Bd3 Nf6 5. c3 Bd6 6. Nf3 O-O 7. h3 Re8+ 8. Be3 Bf4 9. Qe2 Bxe3 10. fxe3 Qe7 11.
Kf2 Ne4+ 12. Bxe4 dxe4 13. Ne5 Nd7 14. Nxd7 Bxd7 15. Rf1 a6 16. Nd2 Qh4+ 17. Kg1 Qg5 18. Kh2 Re6 19. Rf4 Rg6 20. Nxe4 Qd5 21. c4 Qc6 22.
Raf1 f5 23. Nc5 Re8 24. Nxd7 Qxd7 25. Qf3 Rf6 26. Qg3 Rg6 27. Qf3 Rf6 28. Qf2 Qe6 29. Re1 c6 30. Qd2 g6 31. Qc3 Qe7 32. d5 cxd5 33.
cxd5 Qe5 34. Qxe5 Rxe5 35. Rd4 Rd6 36. Rc1 Rexd5 37. Rxd5 Rxd5 38. Rc7 Rb5 39. b3 h6 40. Kg3 a5 41. Kf4 g5+ 42. Kf3 b6 43. g4 fxg4+ 44. Kxg4 Re5 45. Kh5 Rxe3 46. Kg6 Re6+ 47. Kf5 Re8 48.
Rc6 Rf8+ 49. Kg6 Kh8 50. Kxh6 Rg8 51. Rxb6 Rf8 52. Kxg5 1-0

[Event "Live Chess"]
[Site "Chess.com"]
[Date "2023.05.20"]
[Round "-"]
[White "TheSmoulderingMaster"]
[Black "ameetghasi100"]
[Result "0-1"]
[WhiteElo "1742"]
[BlackElo "2704"]
[TimeControl "300"]
[EndTime "11:49:16 PDT"]
[Termination "ameetghasi100 won by resignation"]

1. e4 c5 2. Nf3 d6 3. d4 cxd4 4. Nxd4 Nf6 5. Nc3 a6 6. Be3 g6 7. f3 Bg7 8. Qd2 h5 9. O-O-O Nbd7 10. h4 b5 11. Be2 Bb7 12. g4 hxg4 13. fxg4 b4 14.
Nd5 Nxe4 15. Qd3 Bxd5 16. Bf3 Ndc5 0-1

[Event "Live Chess"]
[Site "Chess.com"]
[Date "2023.05.20"]
[Round "-"]
[White "Ferrarifan27"]
[Black "Ayursworld"]
[Result "1-0"]
[WhiteElo "2104"]
[BlackElo "1342"]
[TimeControl "300"]
[EndTime "11:49:20 PDT"]
[Termination "Ferrarifan27 won by checkmate"]

1. e4 e5 2. Nf3 Nc6 3. Bb5 d6 4. O-O Nf6 5. d4 exd4 6. Nxd4 Bd7 7. Nxc6 Bxc6 8. Bxc6+ bxc6 9. Nc3 Be7 10. Re1 O-O 11. Bg5 h6 12. Bh4 Nh7 13. Bg3 Nf6 14. Qf3 Qd7 15.
Rad1 Qe6 16. b3 Rac8 17. e5 dxe5 18. Rxe5 Qxe5 19. Bxe5 Nd5 20. Nxd5 cxd5 21. Qxd5 Bb4 22.
Qc4 a5 23. Qg4 g5 24. h4 Kh7 25. hxg5 hxg5 26. Qxg5 Rg8 27. Qh5# 1-0

[Event "Live Chess"]
[Site "Chess.com"]
[Date "2023.05.20"]
[Round "-"]
[White "OleksiyJr1"]
[Black "booktrunk"]
[Result "0-1"]
[WhiteElo "930"]
[BlackElo "1322"]
[TimeControl "300"]
[EndTime "11:49:22 PDT"]
[Termination "booktrunk won by resignation"]

1. e4 d5 2. Nf3 dxe4 3. Ng5 Bf5 4. d3 exd3 5. Bxd3 Bxd3 6. Qxd3 Qxd3 7. cxd3 Nc6 8. Nc3 Nh6 9. Be3 b6 10. d4 O-O-O 11. O-O-O f6 12. d5 Ne5 13. Nge4 Nf5 14. Bf4 Nc4 15. g4 Nfd6 16. Bxd6 Nxd6 17. Nxd6+ Rxd6 18. Nb5 Rd8 19. Nxa7+ Kb7 20. Nc6 Rd6 21. Kb1 h5 22. f3 hxg4 23. fxg4 Rh3 24. Rd2 e6 25. Nb4 exd5 26. Rxd5 Rxd5 27. Nxd5 Bd6 28. Kc2 Rxh2+ 29. Rxh2 Bxh2 30. Ne7 Be5 31. Nf5 g6 32. Nh6 Bf4 33. Ng8 f5 34. g5 Bxg5 35. Kd3 Kc6 36. Kd4 Kd6 37. Kc4 c6 38. b4 f4 39. b5 0-1

[Event "Live Chess"]
[Site "Chess.com"]
[Date "2023.05.20"]
[Round "-"]
[White "JackRudd"]
[Black "TobyQuaite"]
[Result "1-0"]
[WhiteElo "2434"]
[BlackElo "1694"]
[TimeControl "300"]
[EndTime "11:49:23 PDT"]
[Termination "JackRudd won by checkmate"]

1. e4 e6 2. d4 d5 3. Nd2 dxe4 4. Nxe4 Nf6 5. Nxf6+ gxf6 6. Nf3 Nc6 7. Bd3 b6 8. c3 Bb7 9. Qe2 Qd6 10. g3 Be7 11.
Bf4 Qd7 12. O-O-O O-O-O 13. Rhe1 f5 14. Ba6 Kb8 15. Bxb7 Kxb7 16. Qc4 Na5 17. Qd3 Qd5 18. Kb1 Bd6 19. Bxd6 Rxd6 20. Ne5 Rf8 21. Qf1 Nc6 22. c4 Qa5 23. c5 Rd5 24. Nxc6 Kxc6 25. Rc1 Kb7 26.
c6+ Kb8 27. Qc4 Qb5 28. Qc3 Rfd8 29. Red1 Qa5 30. Qe3 Qb4 31. a3 Qa4 32. Qg5 Re8 33.
Qf6 Rd6 34. Qxf7 Red8 35. Qxh7 Rxd4 36. Rxd4 Qxd4 37. Qe7 Qe4+ 38. Ka1 Qd5 39. h4 Rh8 40. h5 f4 41. Qf6 Qxh5 42. Qxf4 Qe8 43. Qe4 a5 44. f4 Rf8 45. g4 Qf7 46. Rc4 Kc8 47. g5 Qf5 48. g6 Kd8 49. Qd4+ Ke7 50. Qg7+ Kd6 51. Qd7# 1-0

[Event "Live Chess"]
[Site "Chess.com"]
[Date "2023.05.20"]
[Round "-"]
[White "Salpingidis"]
[Black "1600x"]
[Result "0-1"]
[WhiteElo "2278"]
[BlackElo "1685"]
[TimeControl "300"]
[EndTime "11:49:24 PDT"]
[Termination "1600x won by resignation"]

1. d4 Nf6 2. c4 e6 3. Nc3 d5 4. cxd5 exd5 5. Bg5 Nbd7 6. e3 c6 7. Bd3 h6 8. Bh4 Bd6 9. Nge2 O-O 10. Qc2 Re8 11. Bg3 Bxg3 12. hxg3 Nf8 13. O-O-O Bg4 14. Kb1 a5 15. f3 Bc8 16. e4 dxe4 17. fxe4 Ng4 18.
Bc4 Nf2 19. Rdf1 Nxh1 20. Bxf7+ Kh8 21. Bxe8 Qxe8 22. Rxh1 Bg4 23. Nf4 Ne6 24. Qd2 b5 25. d5 Nxf4 26. gxf4 b4 27. Nd1 Qxe4+ 28. Ka1 Qxd5 29.
Qxd5 cxd5 30. Ne3 Be6 31. f5 Bf7 32. Nc2 Re8 33. Nd4 Re4 34. Rd1 Bh5 35. Nf3 Re2 36. Rxd5 Bxf3 37. Rd1 Bxg2 38. Kb1 Be4+ 39. Ka1 Kh7 40.
a4 Bc2 41. Rf1 Kg8 42. Ka2 Kf7 43. Rf3 Kf6 44. Rg3 Bxf5 45. Rg1 h5 46. Ka1 b3 47.
Rg6+ Ke5 48. Re6+ Bxe6 0-1

[Event "Live Chess"]
[Site "Chess.com"]
[Date "2023.05.20"]
[Round "-"]
[White "Pablo_dmp"]
[Black "KeithArkell"]
[Result "0-1"]
[WhiteElo "1856"]
[BlackElo "2609"]
[TimeControl "300"]
[EndTime "11:49:43 PDT"]
[Termination "KeithArkell won by resignation"]

1. e4 c6 2. d4 d5 3. e5 c5 4. dxc5 Nc6 5. f4 Bf5 6. Nf3 e6 7. Be3 Nge7 8. c3 Bg4 9. Be2 Nf5 10. Bf2 b6 11. Bb5 Qc7 12. Qa4 Rc8 13. Bxc6+ Qxc6 14.
Qxc6+ Rxc6 15. cxb6 axb6 16. Nbd2 Bc5 17. Bxc5 bxc5 18.
O-O Ne3 19. Rf2 Ra6 20. a3 c4 21. Nf1 Nf5 22. Ng3 Nxg3 23. hxg3 Ke7 24. Nh2 h5 25. Nxg4 hxg4 26. Kf1 f6 27. Ke2 fxe5 28. fxe5 Rh5 29. Raf1 Rxe5+ 30. Kd2 Kd6 31. Rf7 Rb6 32. Kc1 g6 33. Rg7 Re2 34. Rff7 Rbxb2 35. Rd7+ Ke5 36. Rxg6 Rec2+ 37. Kd1 Rxg2 38. Kc1 Rbf2 39. Rg5+ Kf6 40. Rgxd5 exd5 41. Rxd5 Rf1+ 42. Rd1 Rxd1+ 43. Kxd1 Rxg3 44. Kc2 Rg2+ 0-1